 Dungeon Crawl Stone Soup version 0.28-a0-724-g66f9036eb4 (webtiles) character file.

Game seed: 3773249727393154495

5791 jasper the Basher (level 10, 0/80 HPs)
             Began as a Demonspawn Artificer on Oct 26, 2021.
             Was a Follower of Uskayaw.
             Slain by an orc warrior (7 damage)
             ... on level 10 of the Dungeon.
             The game lasted 00:18:48 (12099 turns).

jasper the Basher (Demonspawn Artificer)           Turns: 12099, Time: 00:18:49

Health: 0/80       AC: 24    Str: 16    XL:     10   Next: 50%
Magic:  10/10      EV:  9    Int: 13    God:    Uskayaw [*.....]
Gold:   322        SH: 11    Dex: 13    Spells: 9/9 levels left

rFire   + + .      SeeInvis +   g - +2 morningstar
rCold   . . .      Faith    .   x - +2 buckler
rNeg    . . .      Spirit   .   v - +1 chain mail {rF+}
rPois   .          Reflect  .   m - +0 helmet {SInv}
rElec   .          Harm     .   z - +1 cloak
rCorr   +          Rampage  .   k - +0 pair of gloves
Will    .....                   (no boots)
Stlth   ..........              (no amulet)
HPRegen 0.23/turn               O - ring of resist corrosion
MPRegen 0.12/turn               F - ring of protection from fire

@: no status effects
A: icemail 2, powered by death 1, sturdy frame 2, condensation shield, demonic
touch 1
a: Renounce Religion, Stomp


You were on level 10 of the Dungeon.
You worshipped Uskayaw.
Uskayaw was noncommittal.
You visited 2 branches of the dungeon, and saw 12 of its levels.

You collected 1983 gold pieces.
You spent 1661 gold pieces at shops.

Inventory:

Hand Weapons
 a - a +0 club
 g - a +2 morningstar (weapon)
 i - a +0 war axe
 l - a +0 flail
 p - a +0 whip
 A - a +3 whip
 E - a +0 morningstar
 I - a +1 antimagic whip
Missiles
 f - 303 stones (quivered)
 J - 2 silver javelins
 K - 12 javelins
Armour
 b - a +0 leather armour
 j - a +0 scale mail
 k - a +0 pair of gloves (worn)
 m - a +0 helmet of see invisible (worn)
 v - a +1 chain mail of fire resistance (worn)
 x - a +2 buckler (worn)
 z - a +1 cloak (worn)
Jewellery
 h - a +6 ring of strength
 F - a ring of protection from fire (right hand)
 M - an amulet of guardian spirit
 O - a ring of resist corrosion (left hand)
Wands
 d - a wand of charming (7)
Scrolls
 c - 2 scrolls of immolation
 o - a scroll of magic mapping
 u - 3 scrolls of identify
 w - a scroll of amnesia
 y - a scroll of blinking
 L - a scroll of teleportation
Potions
 n - 4 potions of curing
 q - a potion of magic
 r - 3 potions of brilliance
 s - a potion of ambrosia
 t - 2 potions of attraction
 B - 2 potions of lignification
 D - 3 potions of heal wounds
 G - a potion of invisibility
 H - 2 potions of flight
 N - 2 potions of degeneration
Miscellaneous
 e - a piece from Xom's chessboard (15/15)
 C - a tin of tremorstones (inert)


   Skills:
 + Level 7.9 Fighting
 * Level 10.3 Maces & Flails
 + Level 6.1 Armour
 - Level 0.8 Dodging
 - Level 0.8 Stealth
 - Level 4.0 Shields
 - Level 3.0 Evocations


You had 9 spell levels left.
You didn't know any spells.
Your spell library contained the following spells:

 Spells                   Type           Power      Damage    Failure   Level
 Animate Skeleton         Necr           0%         N/A       77%         1
 Magic Dart               Conj           0%         1d3       77%         1
 Pain                     Necr           0%         1d4       77%         1
 Blink                    Tloc           0%         N/A       88%         2
 Call Imp                 Summ           0%         N/A       88%         2
 Slow                     Hex            0%         N/A       88%         2
 Static Discharge         Conj/Air       0%         N/A       88%         2
 Confusing Touch          Hex            0%         N/A       98%         3
 Dazzling Flash           Conj/Hex       0%         N/A       98%         3
 Mephitic Cloud           Conj/Pois/Air  0%         N/A       98%         3
 Vampiric Draining        Necr           0%         2d6       98%         3
 Iskenderun's Mystic Bla  Conj/Tloc      0%         2d3       100%        4
 Lightning Bolt           Conj/Air       0%         1d11      100%        5
 Manifold Assault         Tloc           0%         N/A       100%        5
 Starburst                Conj/Fire      0%         6d3       100%        6
 Storm Form               Tmut/Air       0%         N/A       100%        7
 Maxwell's Capacitive Co  Air            0%         ∞         100%        8


Dungeon Overview and Level Annotations

Branches:
Dungeon (11/15)            Temple (1/1) D:5             Orc (0/2) D:10
   Lair: D:8-11

Altars:
Ashenzari
Cheibriados
Dithmenos
Elyvilon
Fedhas
Gozag
Hepliaklqana
Kikubaaqudgha
Makhleb
Nemelex Xobeh
Okawaru
Qazlal
Ru
Sif Muna
Trog
Uskayaw
Vehumet
Wu Jian
Xom
Yredelemnul
Zin
The Shining One

Shops:
D:2 (   D:4 :   D:5 *   D:6 *=*!   D:10 *

Annotations:
D:3 3 runed translucent doors, cheechan's ghost, amateur NaCK
D:4 1 runed translucent door, pigah's ghost, novice OpWn


Innate Abilities, Weirdness & Mutations

A meltable icy envelope protects you from harm. (AC +8)
You regenerate a little health from kills.
Your movements are less encumbered by armour. (ER -4)
A meltable shield of frost defends you. (SH +4)
Your touch may inflict minor irresistible damage on your foes.


Message History

You barely miss the centaur zombie.
The centaur zombie is heavily damaged.
The hobgoblin shouts!
You hear an angry buzzing noise.
You hear a shout!
The centaur zombie hits you but does no damage.
The centaur zombie closely misses you. The orc warrior completely misses you.
You hear an angry buzzing noise.
You puncture the centaur zombie!
The centaur zombie is almost destroyed.
The centaur zombie misses you. The centaur zombie closely misses you.
The orc warrior hits you from afar with a +0 glaive!
* * * LOW HITPOINT WARNING * * *
You puncture the centaur zombie!
You destroy the centaur zombie!
The orc warrior closely misses you.
You swing at nothing.
The orc warrior hits you but does no damage.
You take 19 damage, and have 13/80 hp.
MASSIVE DAMAGE!!
You swing at nothing.
The orc warrior throws a boomerang.
The boomerang completely misses you.
You swing at nothing.
The orc warrior barely misses you.
You swing at nothing.
The orc warrior throws a boomerang.
The boomerang hits you but does no damage.
You swing at nothing.
The orc warrior hits you but does no damage.
You swing at nothing.
You block the orc warrior's attack.
You swing at nothing.
The orc warrior hits you but does no damage.
You swing at nothing.
You block the orc warrior's attack.
You swing at nothing.
The orc warrior hits you but does no damage.
You swing at nothing.
The orc warrior hits you from afar with a +0 glaive!
* * * LOW HITPOINT WARNING * * *
You can no longer pass through a line of other dancers.
You swing at nothing.
The orc warrior throws a boomerang.
You block the boomerang.
You swing at nothing.
Your icy envelope is restored.
The orc warrior hits you from afar with a +0 glaive!
You die...

..........#,,,,#.........##......
..........#,,,,+.........#.......
..........+,,,,#.........#.......
#.#########*##*######....##......
#$.******,*##.##### #........####
..##*,,,,**#......###......#...#.
.##**,*,**,#...##...#..........#.
.,,*,,***,,,Z..#.##...#.....#^...
**,,,,,**,*,,#.#@..##.####..#....
,,*,,,*,*,,,,*#)#.###<....#####..
*,,*,,*,*>,*,o#o##.##.........#..
,,,*,,,,,,*,,*o#.*.##....######..
,*,,,*,*,,,*,.#*o#.##....# ###
*****,***,,,#.,*g..##....# #.
,,***,,,*,*,#,,,..###....# #.
,,,,,,**,,*,,,**.#$*#....#######.
*,,**,,**,**,**,.#######.........


You could see an orc warrior and an orc.

Vanquished Creatures
  Erica (D:9)
  Maurice (D:9)
  A kobold demonologist (D:9)
  Prince Ribbit (D:9)
  A troll (D:7)
  Sigmund (D:3)
  A yak (D:4)
  2 wyverns (D:9)
  3 steam dragons
  A warg (D:10)
  4 orc warriors
  2 black bears (D:6)
  4 ogres
  4 centaurs
  A phantom (D:6)
  A kobold brigand (D:9)
  2 bullfrogs
  A scorpion (D:6)
  3 wights (D:9)
  4 howler monkeys
  4 centaur zombies
  A bullfrog zombie (D:3)
  6 hounds
  7 orc priests
  A centaur skeleton (D:6)
  5 iguanas
  Ijyb (D:3)
  8 orc wizards
  A killer bee zombie (D:7)
  A hound skeleton (D:4)
  Robin (D:2)
  10 adders
  3 gnolls (D:7)
  A white imp (D:6)
  A worm (D:3)
  5 dart slugs
  37 orcs
  5 endoplasms
  A giant cockroach (D:2)
  20 goblins
  8 hobgoblins
  11 jackals
  13 kobolds
  5 ball pythons
  8 bats
  4 frilled lizards
  6 rats
213 creatures vanquished.

Vanquished Creatures (others)
  2 yaks (D:4)
  An orc wizard (D:5)
  An orc (D:6)
  2 plants (D:6)
6 creatures vanquished.

Grand Total: 219 creatures vanquished

Notes
Turn   | Place    | Note
-------+----------+-------------------------------------------
     0 | D:1      | jasper the Demonspawn Artificer began the quest for the
                  | Orb.
     0 | D:1      | Reached XP level 1. HP: 15/15 MP: 1/1
     9 | D:1      | Found a faded altar of an unknown god.
   466 | D:1      | Reached skill level 1 in Maces & Flails
   466 | D:1      | Gained mutation: You regenerate a little health from kills.
                  | [demonic ancestry]
   466 | D:1      | Reached XP level 2. HP: 16/21 MP: 2/2
  1203 | D:1      | Gained mutation: A meltable shield of frost defends you.
                  | (SH +4) [demonic ancestry]
  1203 | D:1      | Reached XP level 3. HP: 25/26 MP: 3/3
  1854 | D:2      | Reached skill level 2 in Maces & Flails
  1906 | D:2      | Found Omim's Antique Weapon Shoppe.
  1992 | D:2      | Reached XP level 4. HP: 33/33 MP: 4/4
  2570 | D:3      | Noticed Robin
  2584 | D:2      | Killed Robin
  2920 | D:3      | Identified a scroll of acquirement
  2920 | D:3      | Acquired 851 gold pieces
  2968 | D:3      | Reached skill level 3 in Maces & Flails
  2968 | D:3      | Gained mutation: A meltable icy envelope protects you from
                  | harm. (AC +8) [demonic ancestry]
  2968 | D:3      | Reached XP level 5. HP: 38/39 MP: 5/5
  3029 | D:3      | Found a runed translucent gate.
  3029 | D:3      | Found a runed translucent gate.
  3029 | D:3      | Found a runed translucent gate.
  3044 | D:3      | Noticed Ijyb
  3065 | D:3      | Killed Ijyb
  3662 | D:3      | Noticed cheechan's ghost (amateur NaCK)
  3743 | D:3      | Noticed Sigmund
  3745 | D:3      | Killed Sigmund
  3746 | D:3      | Reached skill level 4 in Maces & Flails
  3746 | D:3      | Gained mutation: Your touch may inflict minor irresistible
                  | damage on your foes. [demonic ancestry]
  3746 | D:3      | Reached XP level 6. HP: 47/47 MP: 6/6
  3853 | D:4      | Found Rifeok's Book Shop.
  4096 | D:4      | Noticed a yak
  4099 | D:4      | Noticed a yak
  4101 | D:4      | Noticed a yak
  4116 | D:4      | Killed a yak
  4117 | D:4      | Gained mutation: Your movements are slightly less
                  | encumbered by armour. (ER -2) [demonic ancestry]
  4117 | D:4      | Reached XP level 7. HP: 53/53 MP: 7/7
  4254 | D:4      | Found a runed translucent door.
  4256 | D:4      | Noticed pigah's ghost (novice OpWn)
  4457 | D:4      | Reached skill level 5 in Maces & Flails
  4510 | D:4      | Found an ornate altar of the Wu Jian Council.
  5046 | D:4      | Acquired 586 gold pieces
  5114 | D:5      | Entered Level 5 of the Dungeon
  5830 | D:5      | Found a bloodstained altar of Trog.
  5899 | D:5      | Found a staircase to the Ecumenical Temple.
  5978 | Temple   | Entered the Ecumenical Temple
  6418 | D:5      | Found Raduacaj's Overcharged Wands.
  7224 | D:6      | Found Irioskarie's Distillery.
  7254 | D:6      | Found Filass's Assorted Antiques.
  7267 | D:6      | Reached skill level 1 in Shields
  7267 | D:6      | Reached XP level 8. HP: 42/61 MP: 8/8
  7366 | D:6      | Bought a scroll labelled AFAGES GAXTA for 24 gold pieces
  7366 | D:6      | Bought a potion of lignification for 72 gold pieces
  7366 | D:6      | Bought a tin of tremorstones (2/2) for 960 gold pieces
  7377 | D:6      | Bought 2 potions of heal wounds for 130 gold pieces
  7377 | D:6      | Bought a potion of heal wounds for 65 gold pieces
  7377 | D:6      | Bought a potion of curing for 39 gold pieces
  7377 | D:6      | Bought a potion of heal wounds for 65 gold pieces
  7377 | D:6      | Bought a potion of haste for 130 gold pieces
  7377 | D:6      | Bought a potion of might for 52 gold pieces
  7377 | D:6      | Bought a potion of might for 52 gold pieces
  7408 | D:6      | Reached skill level 6 in Maces & Flails
  7446 | D:6      | Reached skill level 5 in Fighting
  7665 | D:6      | Reached skill level 7 in Maces & Flails
  7794 | D:6      | Found Asigohie's Assorted Antiques.
  7802 | D:6      | Bought a scroll labelled KOSKIDYARY for 33 gold pieces
  8026 | D:6      | Gained mutation: A meltable icy envelope protects you from
                  | harm. (AC +8) [demonic ancestry]
  8026 | D:6      | Reached XP level 9. HP: 69/69 MP: 9/9
  8306 | D:6      | Found Biso's Jewellery Shoppe.
  8499 | D:7      | Noticed a troll
  8998 | D:7      | Found a shimmering blue altar of Sif Muna.
  9082 | D:7      | Reached skill level 8 in Maces & Flails
  9182 | D:7      | Found a hide-covered altar of Uskayaw.
  9189 | D:7      | Became a worshipper of Uskayaw the Reveller
  9448 | D:7      | Reached * piety under Uskayaw
  9450 | D:7      | Killed a troll
  9450 | D:7      | Reached ** piety under Uskayaw
  9883 | D:8      | Reached *** piety under Uskayaw
  9885 | D:8      | Reached **** piety under Uskayaw
 10519 | D:9      | You fall into a shaft and drop 2 floors!
 10522 | D:10     | Entered Level 10 of the Dungeon
 10601 | D:9      | Reached skill level 5 in Armour
 10731 | D:9      | Reached skill level 9 in Maces & Flails
 10808 | D:9      | Noticed Erica
 10819 | D:9      | Killed Erica
 10820 | D:9      | Gained mutation: Your movements are less encumbered by
                  | armour. (ER -4) [demonic ancestry]
 10820 | D:9      | Reached XP level 10. HP: 58/79 MP: 10/10
 10948 | D:9      | Noticed a smoke demon
 11123 | D:9      | Noticed Maurice
 11211 | D:9      | Killed Maurice
 11566 | D:9      | Reached skill level 10 in Maces & Flails
 11619 | D:9      | Noticed Prince Ribbit
 11627 | D:9      | Killed Prince Ribbit
 11670 | D:9      | Found a shimmering altar of Xom.
 11679 | D:9      | Found a snail-covered altar of Cheibriados.
 11862 | D:10     | Found a hazy altar of Hepliaklqana.
 11991 | D:10     | Found Kuveat's General Store.
 11998 | D:10     | Bought a scroll of teleportation for 39 gold pieces
 12099 | D:10     | Slain by an orc warrior

Illustrated notes

Levels and vault maps discovered:
D:1:      giann_horns, layout_basic, basic_ecumenical_altar
D:2:      layout_rooms, serial_shops, shop, minmay_cut_off
D:3:      layout_loops_ring, gammafunk_ghost_icy, uniq_ijyb, uniq_robin,
          uniq_sigmund
D:4:      kennysheep_big_flooded_room, layout_loops_corners, lemuel_tele_altar,
          ebering_ghost_sewer_d, serial_shops, kennysheep_mini
D:5:      layout_layer_cave, mainiacjoe_overflow_tiny_flanked,
          lemuel_temple_firewalk_b, minmay_misc_feat_encased,
          nicolae_shop_overcharged_wands
D:6:      layout_cave_pools, serial_shops, shop, shop, nicolae_stop_n_shop_1,
          nicolae_shop_overgrown_old_shop, minmay_increasing_density
D:7:      layout_basic, overflow_temple_1_default, mainiacjoe_overflow_alcove_2
D:8:      layout_loops_cross, wad_floor_pattern_untrapped
D:9:      layout_loops_ring, mainiacjoe_overflow_swirl, uniq_maurice,
          uniq_erica, uniq_prince_ribbit1
D:10:     layout_irregular_city, mainiacjoe_overflow_paths, erik_orc_3,
          serial_shops, nicolae_lakefront_shop, minmay_crystal_room,
          hangedman_decor_push
D:11:     layout_rooms, lair_entry_dummy, gammafunk_ghost_wrathful_warriors,
          serial_shops, nicolae_take_the_stairs
Temple:   regret_index_temple_waves

Skill      XL: |  1  2  3  4  5  6  7  8  9 10 |
---------------+-------------------------------+-----
Armour         | 2 3 4 5 6 |  6.1
Maces & Flails | 1 2 3 4 5 7 9 10 | 10.3
Fighting       | 2 3 4 5 7 |  7.9
Shields        | 1 3 4 |  4.0
Dodging        | |  0.8
Stealth        | |  0.8
Evocations     | |  3.0

Action                   |  1- 3 |  4- 6 |  7- 9 | 10-12 || total
-------------------------+-------+-------+-------+-------++-------
Melee: Club              |    76 |       |       |       ||    76
       War axe           |    44 |   141 |    73 |       ||   258
       Touch             |       |     2 |    14 |       ||    16
       Flail             |       |       |   102 |       ||   102
       Whip              |       |       |    80 |       ||    80
       Morningstar       |       |       |   174 |   176 ||   350
Throw: Stone             |    46 |    36 |    15 |       ||    97
Invok: Stomp             |       |       |       |     3 ||     3
Evoke: Wand              |     4 |     7 |    23 |     1 ||    35
       Tin of tremorston |       |       |     3 |       ||     3
  Use: Scroll            |     1 |     9 |    14 |       ||    24
       Potion            |       |     1 |     5 |     2 ||     8
 Stab: Paralysed         |       |       |     4 |     5 ||     9
Armor: Leather armour    |    47 |       |       |       ||    47
       Scale mail        |    10 |    81 |    45 |       ||   136
       Skin              |       |     2 |       |       ||     2
       Chain mail        |       |       |   225 |    94 ||   319
Dodge: Dodged            |   102 |    74 |   179 |    63 ||   418
Block: Other             |    15 |    27 |    11 |       ||    53
       Buckler           |       |       |   218 |    85 ||   303

Table legend: (Time is in decaauts)
 A = Elapsed time spent in this place.
 B = Non-inter-level travel time spent in this place.
 C = Inter-level travel time spent in this place.
 D = Time resting spent in this place.
 E = Time spent auto-exploring this place.
 F = Levels seen in this place.
 G = Mean time per level.
                   A        B        C        D        E       F      G
               +--------+--------+--------+--------+--------+-----+--------+
         Total |  12246 |  11799 |    447 |   2379 |   6985 |  12 | 1020.5 |
       Dungeon |  12114 |  11695 |    419 |   2379 |   6894 |  11 | 1101.3 |
        Temple |    131 |    103 |     28 |      0 |     91 |   1 |  131.0 |
               +--------+--------+--------+--------+--------+-----+--------+

Top non-repeatable levels by time:
     D:1: 1844 daAuts
     D:5: 1726 daAuts
     D:4: 1517 daAuts
     D:6: 1300 daAuts
     D:9: 1271 daAuts
     D:3: 1269 daAuts
     D:7: 1185 daAuts
     D:2: 890 daAuts
     D:8: 772 daAuts
    D:10: 333 daAuts
  Temple: 131 daAuts
    D:11: 2 daAuts
